AoeStats
← Megaman

Nomad

510438509Analyzed
2v2 RM · 3d ago on Oct 1, 2026· 56m 30s· 4 players
Game mode
Random Map
Map size
176×176
Population
200
Speed
Normal
Resources
Standard
Victory
Conquest
Starting age
Dark Age
Ending age
Imperial Age
RankedLock teamsTeams togetherTeam positionsShared explorationLock speedFull tech treeHidden civsTurbo modeCheats
Victory
Defeat
🇨🇴 Italians · Colombia
1047
+14
🇵🇪 Dravidians · Peru
1019
+15
🇯🇵 Malay · Japan
1038
-16
🇺🇸 Saxons · United States
964
-13
APOLO
16:03 Feudal Age
20:52 Castle Age
18:50 Double-Bit Axe
19:25 Fishing Lines
20:14 Loom
20:31 Padded Archer Armor
20:22 Fletching
25:08 Bow Saw
24:49 Gold Mining
25:07 Gillnets
28:29 Bodkin Arrow
28:49 Leather Archer Armor
31:32 Wheelbarrow
31:12 Thumb Ring
35:14 Imperial Age
35:30 Ballistics
36:19 Horse Collar
39:07 Two-Man Saw
38:37 Heavy Plow
40:05 Chemistry
40:24 Medical Corps
40:40 Conscription
41:08 Hand Cart
43:57 Ring Archer Armor
43:38 Forging
43:29 Scale Mail Armor
43:56 Bracer
47:23 Iron Casting
47:03 Chain Mail Armor
47:27 Pikeman
48:08 Squires
47:54 Gambesons
49:57 Elite Elephant Archer
53:54 Town Watch
54:46 Stone Mining
55:20 Wootz Steel
55:37 Hoardings
TrafalgarLaw_326
14:38 Feudal Age
12:56 Loom
16:22 Fletching
17:02 Double-Bit Axe
18:15 Padded Archer Armor
24:44 Castle Age
28:47 Forging
28:38 Scale Mail Armor
32:49 Horse Collar
36:16 Imperial Age
34:41 Wheelbarrow
34:40 Gold Mining
35:24 Bow Saw
35:38 Arson
38:46 Conscription
39:01 Hand Cart
39:43 Squires
42:00 Chain Mail Armor
42:20 Iron Casting
42:30 Heavy Plow
45:12 Iron Casting
46:12 Crop Rotation
50:29 Plate Mail Armor
51:18 Town Watch
Megaman
6:29 Loom
17:03 Feudal Age
18:06 Fishing Lines
21:48 Castle Age
19:50 Stone Mining
20:07 Gold Mining
20:38 Arson
20:45 Horse Collar
20:58 Double-Bit Axe
23:09 Wheelbarrow
23:23 Gold Shaft Mining
23:11 Fletching
23:32 Forging
23:23 Scale Mail Armor
23:28 Heavy Plow
23:43 Bow Saw
23:29 Gillnets
24:16 Bodkin Arrow
25:54 Squires
27:01 Hand Cart
28:02 Iron Casting
30:23 Chain Mail Armor
38:08 Imperial Age
36:38 Ballistics
36:32 Masonry
40:40 Architecture
40:06 Murder Holes
39:58 Treadmill Crane
43:42 Bracer
44:14 Plate Mail Armor
45:32 Conscription
takoyaki
3:13 Loom
18:32 Feudal Age
19:30 Fletching
23:04 Fishing Lines
27:36 Double-Bit Axe
32:29 Castle Age
33:23 Town Watch
34:13 Wheelbarrow
35:46 Bow Saw
37:04 Medium Warships
41:42 Gillnets
42:37 Hand Cart
45:45 Thalassocracy
46:34 Husbandry
46:47 Forging
46:33 Bodkin Arrow
46:45 Scale Barding Armor
46:32 Gold Mining
51:46 Iron Casting
51:11 Stone Mining
51:57 Gold Shaft Mining
Connection lost

Rejoining the realm…

Still unreachable

The connection could not be restored.

Session expired

The server has moved on; the page needs a fresh start.